 Dungeon Crawl Stone Soup version 0.28.0-53-g5a82cb258f (webtiles) character file.

Game seed: 16481787517238866858

280 MisterFreud the Covert (level 6, -2/53 HPs)
             Began as a Gnoll Delver on June 15, 2022.
             Slain by a sky beast (6 damage)
             ... on level 3 of the Dungeon.
             The game lasted 00:02:15 (2159 turns).

MisterFreud the Covert (Gnoll Delver)               Turns: 2159, Time: 00:02:16

Health: -2/53      AC:  5    Str: 12    XL:     6   Next: 27%
Magic:  8/8        EV: 17    Int: 11    God:
Gold:   92         SH:  0    Dex: 13    Spells: 8/8 levels left

rFire   . . .      SeeInvis .   a - +0 short sword
rCold   . . .      Faith    .   (no shield)
rNeg    . . .      Spirit   .   b - +0 leather armour
rPois   .          Reflect  .   (no helmet)
rElec   .          Harm     .   (no cloak)
rCorr   .          Rampage  .   i - +0 pair of gloves
Will    .....                   s - +0 pair of boots
Stlth   ++........              (no amulet)
HPRegen 0.17/turn               n - +4 ring of evasion
MPRegen 0.11/turn               (no ring)

@: very slow
A: fangs 1, strong nose, distributed training
a: no special abilities


You were on level 3 of the Dungeon.
You visited 1 branch of the dungeon, and saw 6 of its levels.

You collected 92 gold pieces.

Inventory:

Hand Weapons
 a - a +0 short sword (weapon)
 o - a +0 whip of flaming
Missiles
 p - 6 poisoned darts (quivered)
Armour
 b - a +0 leather armour (worn)
 i - a +0 pair of gloves (worn)
 s - a +0 pair of boots (worn)
Jewellery
 n - a +4 ring of evasion (left hand)
Wands
 g - a wand of digging (3)
Scrolls
 c - a scroll of fog
 d - a scroll of magic mapping
 e - a scroll of fear
 h - 5 scrolls of identify {unknown}
 j - a scroll of vulnerability {unknown}
 l - a scroll of enchant armour {unknown}
 m - 2 scrolls of torment {unknown}
Potions
 f - a potion of haste
 k - a potion of heal wounds {unknown}
 q - a potion of curing {unknown}
 r - 2 potions of ambrosia {unknown}


   Skills:
 + Level 6.8 Fighting
 + Level 4.9 Short Blades
 + Level 1.9 Long Blades
 + Level 1.9 Axes
 + Level 1.9 Maces & Flails
 + Level 1.9 Polearms
 + Level 1.9 Staves
 + Level 1.9 Slings
 + Level 1.9 Bows
 + Level 1.9 Crossbows
 + Level 1.9 Throwing
 + Level 1.9 Armour
 + Level 4.9 Dodging
 + Level 9.7 Stealth
 + Level 1.9 Shields
 + Level 1.9 Unarmed Combat
 + Level 1.9 Spellcasting
 + Level 1.5 Conjurations
 + Level 1.5 Hexes
 + Level 1.5 Summonings
 + Level 1.5 Necromancy
 + Level 1.5 Translocations
 + Level 1.5 Transmutations
 + Level 1.5 Fire Magic
 + Level 1.5 Ice Magic
 + Level 1.5 Air Magic
 + Level 1.5 Earth Magic
 + Level 1.5 Poison Magic
 + Level 2.1 Invocations
 + Level 1.9 Evocations


You had 8 spell levels left.
You didn't know any spells.
Your spell library was empty.

Dungeon Overview and Level Annotations

Branches:
Dungeon (6/15)
 Temple: D:4-7

Altars:
Uskayaw


Innate Abilities, Weirdness & Mutations

You have very sharp teeth.
Your uncanny sense of smell can sniff out nearby items.
Your experience applies equally to all skills.


Message History

The sky beast is severely wounded.
The sky beast barely misses you.
You miss the sky beast.
The sky beast is severely wounded.
You hit the sky beast.
The sky beast is almost dead.
The sky beast hits you but does no damage.
The rain has left you waist-deep in water!
Splash!
You fall into the shallow water.
Moving in this stuff is going to be slow.
You hit the sky beast.
The sky beast is almost dead.
The sky beast misses you.
Your unstable footing causes you to fumble your attack.
The sky beast barely misses you.
You hit the sky beast but do no damage.
You bite the sky beast, but do no damage.
The sky beast is almost dead.
The sky beast hits you. The sky beast shocks you.
Your unstable footing causes you to fumble your attack.
The sky beast flickers out of sight!
Deactivating autopickup; reactivate with Ctrl-A.
Something barely misses you.
You completely miss something. Something hits you. Something shocks you.
Your unstable footing causes you to fumble your attack.
You hit something.
A sky beast appears from thin air!
Reactivating autopickup.
The sky beast misses you.
Your unstable footing causes you to fumble your attack.
The sky beast hits you.
* * * LOW HITPOINT WARNING * * *
The sky beast shocks you.
* * * LOW HITPOINT WARNING * * *
You hit the sky beast but do no damage.
The sky beast is almost dead.
The sky beast hits you.
* * * LOW HITPOINT WARNING * * *
The sky beast shocks you.
You die...

#######..#### .#..
#...........######.#..
#.#####......))....#..
##.##.######.###
#.##.# #
∆##.######.##.#
...Y......##.######∆
####.............
#.)@Y............
#........!..#####
#.......#.#.########
.....?.....#........#
###.......##########..
#.......# #<...
#.......# #.###
#..$....# #.# ..#


You could see a sky beast.

Vanquished Creatures
  Sigmund (D:2)
  A howler monkey (D:6)
  3 adders
  A dart slug (D:4)
  5 orcs (D:3)
  3 bats
  2 endoplasms (D:2)
  2 giant cockroaches (D:2)
  5 goblins (D:1)
  7 hobgoblins
  3 jackals (D:3)
  4 ball pythons
  5 frilled lizards
  6 kobolds
  6 rats
54 creatures vanquished.

Notes
Turn   | Place    | Note
-------+----------+-------------------------------------------
     0 | D:5      | Reached skill level 9 in Stealth
     0 | D:5      | MisterFreud the Gnoll Delver began the quest for the Orb.
     0 | D:5      | Reached XP level 1. HP: 23/23 MP: 1/1
     1 | D:6      | Noticed a howler monkey
    13 | D:6      | Killed a howler monkey
    14 | D:6      | Reached skill level 1 in Invocations
    14 | D:6      | Reached XP level 2. HP: 22/29 MP: 1/3
    14 | D:6      | Reached XP level 3. HP: 27/35 MP: 1/4
   250 | D:3      | Reached skill level 1 in Long Blades
   250 | D:3      | Reached skill level 1 in Axes
   250 | D:3      | Reached skill level 1 in Maces & Flails
   250 | D:3      | Reached skill level 1 in Polearms
   250 | D:3      | Reached skill level 1 in Staves
   250 | D:3      | Reached skill level 1 in Slings
   250 | D:3      | Reached skill level 1 in Bows
   250 | D:3      | Reached skill level 1 in Crossbows
   250 | D:3      | Reached skill level 1 in Throwing
   250 | D:3      | Reached skill level 1 in Armour
   250 | D:3      | Reached skill level 1 in Shields
   250 | D:3      | Reached skill level 1 in Unarmed Combat
   250 | D:3      | Reached skill level 1 in Spellcasting
   250 | D:3      | Reached skill level 1 in Evocations
   278 | D:3      | Reached XP level 4. HP: 41/41 MP: 5/5
   459 | D:3      | Found a hide-covered altar of Uskayaw.
   486 | D:2      | Noticed Sigmund
   493 | D:2      | Killed Sigmund
   494 | D:2      | Reached skill level 1 in Conjurations
   494 | D:2      | Reached skill level 1 in Hexes
   494 | D:2      | Reached skill level 1 in Summonings
   494 | D:2      | Reached skill level 1 in Necromancy
   494 | D:2      | Reached skill level 1 in Translocations
   494 | D:2      | Reached skill level 1 in Transmutations
   494 | D:2      | Reached skill level 1 in Fire Magic
   494 | D:2      | Reached skill level 1 in Ice Magic
   494 | D:2      | Reached skill level 1 in Air Magic
   494 | D:2      | Reached skill level 1 in Earth Magic
   494 | D:2      | Reached skill level 1 in Poison Magic
   494 | D:2      | Reached XP level 5. HP: 47/47 MP: 5/7
   541 | D:2      | Reached XP level 6. HP: 53/53 MP: 8/8
  2102 | D:3      | Noticed a sky beast
  2159 | D:3      | Slain by a sky beast

Illustrated notes

Levels and vault maps discovered:
D:1:      dpeg_arrival_arbitrary_a, layout_basic
D:2:      layout_loops_ring, minivault_25, uniq_sigmund
D:3:      layout_loops_ring, mainiacjoe_overflow_paths, serial_shops,
          nicolae_diamond_shop
D:4:      layout_gridville, nicolae_dithmenos_shadow_blocks, uniq_pikel
D:5:      layout_cave_pools, grunt_decor_junction, uniq_prince_ribbit1
D:6:      black_bear_nest_2, layout_cave_pools

Skill      XL: |  1  2  3  4  5  6 |
---------------+-------------------+-----
Stealth        | |  9.7
Invocations    | 1 2 |  2.1
Long Blades    | 1 |  1.9
Axes           | 1 |  1.9
Maces & Flails | 1 |  1.9
Polearms       | 1 |  1.9
Staves         | 1 |  1.9
Slings         | 1 |  1.9
Bows           | 1 |  1.9
Crossbows      | 1 |  1.9
Throwing       | 1 |  1.9
Armour         | 1 |  1.9
Shields        | 1 |  1.9
Unarmed Combat | 1 |  1.9
Spellcasting   | 1 |  1.9
Evocations     | 1 |  1.9
Conjurations   | 1 |  1.5
Hexes          | 1 |  1.5
Summonings     | 1 |  1.5
Necromancy     | 1 |  1.5
Translocations | 1 |  1.5
Transmutations | 1 |  1.5
Fire Magic     | 1 |  1.5
Ice Magic      | 1 |  1.5
Air Magic      | 1 |  1.5
Earth Magic    | 1 |  1.5
Poison Magic   | 1 |  1.5
Fighting       | |  6.8
Short Blades   | |  4.9
Dodging        | |  4.9

Action                   |  1- 3 |  4- 6 || total
-------------------------+-------+-------++-------
Melee: Short sword       |    17 |   169 ||   186
       Bite              |     1 |    19 ||    20
       Punch             |       |     4 ||     4
 Stab: Sleeping          |     1 |    19 ||    20
Armor: Leather armour    |     1 |    23 ||    24
Dodge: Dodged            |    10 |    88 ||    98
